 Dungeon Crawl Stone Soup version 0.29.0-13-gc9e81de378 (webtiles) character file.

Game seed: 12244744993476732339

106018 nickcage the Impaler (level 16, -2/130 HPs)
             Began as a Merfolk Gladiator on Sept 7, 2022.
             Was a High Priest of Hepliaklqana.
             Killed from afar by a deep elf zephyrmancer (29 damage)
             ... with a bolt of lightning
             ... on level 1 of the Elven Halls.
             The game lasted 01:43:28 (29045 turns).

nickcage the Impaler (Merfolk Gladiator)           Turns: 29045, Time: 01:43:29

Health: -2/130     AC: 29    Str: 27    XL:     16   Next: 43%
Magic:  19/21      EV: 11    Int:  9    God:    Hepliaklqana [*****.]
Gold:   1739       SH:  0    Dex: 19    Spells: 15/15 levels left

rFire   . . .      SeeInvis +   L - +4 halberd (flame)
rCold   . . .      Faith    .   (shield currently unavailable)
rNeg    + . .      Spirit   .   h - +1 shadow dragon scales
rPois   .          Reflect  .   c - +0 helmet
rElec   .          Harm     .   E - +1 cloak
rCorr   .          Rampage  .   o - +1 pair of gloves {infuse}
Will    +....                   (no boots)
Stlth   +++.......              (no amulet)
HPRegen 0.31/turn               r - +6 ring of strength
MPRegen 0.17/turn               O - ring "Zumipew" {rN+ AC+4 Dex+4 SInv}

@: no status effects
A: reduced essence, (nimble swimmer 2), mertail
a: Renounce Religion, Recall Ancestor, Ancestor Identity, Transference, Idealise


You were on level 1 of the Elven Halls.
You worshipped Hepliaklqana.
Hepliaklqana was extremely pleased with you.
You visited 5 branches of the dungeon, and saw 23 of its levels.
You also visited: Ice Cave.

You collected 2576 gold pieces.
You spent 837 gold pieces at shops.

Inventory:

Hand Weapons
 e - the +8 frozen axe "Frostbite" {freezing cloud, *Noise Fly rC+}
   (You found it on level 13 of the Dungeon)

   It freezes those it strikes, dealing additional cold damage.
   It can also slow down cold-blooded creatures.
   It occasionally leaves clouds of freezing vapour upon striking a foe.
   It grants immunity to clouds of freezing vapour.
   rC:        It protects you from cold.
   Fly:       It grants you flight.
   *Noise:    It may make noises in combat.
 G - a +0 trident of venom
 L - a +4 halberd of flaming (weapon)
 W - a +2 demon blade of freezing
Missiles
 B - 9 poisoned darts (quivered)
 H - 16 boomerangs
Armour
 c - a +0 helmet (worn)
 d - a +0 tower shield
 h - +1 shadow dragon scales (worn)
 o - a +1 pair of gloves of infusion (worn)
 E - a +1 cloak (worn)
Jewellery
 i - an amulet of regeneration
 j - a +4 ring of protection
 q - an amulet of reflection
 r - a +6 ring of strength (left hand)
 D - a ring of flight
 I - the ring of Ceesysch {Str+2 SInv}
   (You took it off a gnoll on level 9 of the Dungeon)

   [ring of see invisible]

   Str:       It affects your strength (+2).
   SInv:      It lets you see invisible.
 O - the ring "Zumipew" (right hand) {rN+ AC+4 Dex+4 SInv}
   (You bought it in a shop on level 2 of the Orcish Mines)

   [ring of protection]

   AC:        It affects your AC (+4).
   Dex:       It affects your dexterity (+4).
   rN:        It protects you from negative energy.
   SInv:      It lets you see invisible.
 P - a ring of wizardry
 S - a ring of protection from cold
Wands
 g - a wand of iceblast (6)
 t - a wand of flame (88)
 u - a wand of digging (18)
 y - a wand of quicksilver (19)
 N - a wand of polymorph (7)
Scrolls
 k - 8 scrolls of identify
 p - 6 scrolls of teleportation
 K - a scroll of enchant weapon
 Q - 6 scrolls of blinking
 Y - 2 scrolls of fear
Potions
 a - 2 potions of berserk rage
 b - a potion of invisibility
 f - 4 potions of attraction
 l - 8 potions of curing
 m - 4 potions of flight
 s - a potion of lignification
 v - 5 potions of might
 w - a potion of haste
 x - a potion of brilliance
 A - 2 potions of cancellation
 C - 2 potions of resistance
 F - 2 potions of mutation
 J - a potion of heal wounds
 M - 2 potions of ambrosia
 T - a potion of magic
Miscellaneous
 n - a tin of tremorstones (2/2)
 z - a phial of floods


   Skills:
 + Level 18.5 Fighting
 + Level 19.6 Polearms
 - Level 2.0 Throwing
 - Level 13.2 Armour
 * Level 4.7 Dodging
 - Level 7.0 Invocations
 - Level 1.0 Evocations


You had 15 spell levels left.
You didn't know any spells.
Your spell library contained the following spells:

 Spells                   Type           Power      Damage    Failure   Level
 Apportation              Tloc           0%         N/A       85%         1
 Freeze                   Ice            0%         1d3       85%         1
 Necrotise                Necr           0%         1d4       85%         1
 Summon Small Mammal      Summ           0%         N/A       85%         1
 Blink                    Tloc           0%         N/A       94%         2
 Scorch                   Fire           0%         2d5       94%         2
 Sublimation of Blood     Necr           0%         N/A       94%         2
 Wereblood                Tmut           0%         N/A       94%         2
 Call Canine Familiar     Summ           0%         N/A       99%         3
 Confusing Touch          Hex            0%         N/A       99%         3
 Frozen Ramparts          Ice            0%         1d1       99%         3
 Gell's Gravitas          Tloc           0%         N/A       99%         3
 Lesser Beckoning         Tloc           0%         N/A       99%         3
 Stone Arrow              Conj/Erth      0%         3d7       99%         3
 Summon Guardian Golem    Hex/Summ       0%         N/A       99%         3
 Teleport Other           Tloc           0%         N/A       99%         3
 Vampiric Draining        Necr           0%         2d6       99%         3
 Airstrike                Air            0%         2d(0-16)  100%        4
 Animate Armour           Summ/Erth      0%         N/A       100%        4
 Animate Dead             Necr           0%         N/A       100%        4
 Flame Wave               Conj/Fire      0%         2d4       100%        4
 Hailstorm                Conj/Ice       0%         3d3       100%        4
 Passage of Golubria      Tloc           0%         N/A       100%        4
 Summon Lightning Spire   Summ/Air       0%         N/A       100%        4
 Agony                    Necr           0%         N/A       100%        5
 Borgnjor's Vile Clutch   Necr/Erth      0%         N/A       100%        5
 Lightning Bolt           Conj/Air       0%         1d11      100%        5
 Manifold Assault         Tloc           0%         N/A       100%        5
 Silence                  Hex/Air        0%         N/A       100%        5
 Summon Forest            Summ/Tloc      0%         N/A       100%        5
 Summon Mana Viper        Hex/Summ       0%         N/A       100%        5
 Yara's Violent Unravell  Hex/Tmut       0%         3d3       100%        5
 Death Channel            Necr           0%         N/A       100%        6
 Dispersal                Tloc           0%         N/A       100%        6
 Summon Cactus Giant      Summ           0%         N/A       100%        6
 Enfeeble                 Hex            0%         N/A       100%        7
 Summon Hydra             Summ           0%         N/A       100%        7
 Lehudib's Crystal Spear  Conj/Erth      0%         10d2      100%        8


Dungeon Overview and Level Annotations

Branches:
Dungeon (14/15)            Temple (1/1) D:5            Lair (5/5) D:9
  Swamp (0/4) Lair:3       Spider (0/4) Lair:3        Slime (0/5) Lair:5
    Orc (2/2) D:10            Elf (1/3) Orc:2        Vaults (0/5) D:14
  IceCv (visited)

Altars:
Ashenzari
Cheibriados
Dithmenos
Elyvilon
Fedhas
Gozag
Hepliaklqana
Kikubaaqudgha
Makhleb
Okawaru
Qazlal
Sif Muna
Trog
Uskayaw
Vehumet
Wu Jian
Xom
Yredelemnul
Zin
The Shining One
Jiyva
Lugonu

Shops:
D:5 ?   D:8 !   D:9 *(   D:10 [   Orc:1 (   Orc:2 **[:   Elf:1 (

Portals:
Abyss: Lair:5
Pandemonium: Orc:2

Annotations:
D:3 2 runed translucent doors
D:8 2 transporters
D:9 4 runed translucent doors
D:14 Frances


Innate Abilities, Weirdness & Mutations

Your life essence is reduced to manifest your ancestor. (-10% HP)
((You are very nimble when in or above water. (Stealth+, EV+, Speed+++)))
Your lower body shifts to a powerful aquatic tail in water.


Message History

You are covered in liquid flames!
The deep elf pyromancer hits Tank but does no damage.
The deep elf knight gestures wildly while chanting.
The deep elf knight seems to speed up.
Tank hits the deep elf pyromancer with a +0 broad axe of flaming!
Tank burns the deep elf pyromancer.
Tank hits the deep elf zephyrmancer with a +0 broad axe of flaming!
Tank burns the deep elf zephyrmancer.
Items here: )) [[ ††.
The deep elf pyromancer hits Tank with a +0 dagger.
Tank hits the deep elf pyromancer with a +0 broad axe of flaming!
Tank burns the deep elf pyromancer.
The deep elf pyromancer dies!
Tank hits the deep elf zephyrmancer with a +0 broad axe of flaming.
Tank burns the deep elf zephyrmancer.
Tank hits the deep elf archer with a +0 broad axe of flaming.
Tank burns the deep elf archer.
Tank hits the deep elf knight with a +0 broad axe of flaming.
Tank burns the deep elf knight.
You see here a +0 dagger.
The deep elf zephyrmancer gestures at you while chanting.
The bolt of lightning hits you!!
* * * LOW HITPOINT WARNING * * *
Tank blocks the deep elf knight's attack.
The deep elf archer shoots an arrow.
The arrow hits you but does no damage.
The deep elf knight mumbles some strange words.
The deep elf knight flickers and vanishes for a moment.
Tank barely misses the deep elf knight.
Tank hits the deep elf knight with a +0 broad axe of flaming!
Tank burns the deep elf knight.
Tank closely misses the deep elf archer.
Tank barely misses the deep elf knight.
Tank hits the deep elf zephyrmancer but does no damage.
The deep elf knight hits Tank with a +0 scimitar!!
Tank is destroyed!
The deep elf knight shoots an arrow.
The arrow hits you.
* * * LOW HITPOINT WARNING * * *
The deep elf zephyrmancer casts a spell at you.
The bolt of lightning hits you!!
You die...

.. .e ##.# #. #! #.
.#.## #.. #.:#. ....##
#.# #..##..####..#
.##.# ......ee##..#
.#.# ...##.e.e..# ..#
##e).))####.#
#....))...#
..##...#####@##
###......#####.#######
#......................
.#..##..#####.#########
....#### ##.## ..#.#
##.## .#..# ##.## ∩...#
##.## .#..# ##.##


You could see a deep elf archer (repels missiles), 3 deep elf knights and a deep
elf zephyrmancer.

Vanquished Creatures
  A frost giant (IceCv)
  A deep elf demonologist (Elf:1)
  Nessos (D:14)
  A deep elf annihilator (Elf:1)
  A blizzard demon (D:13)
  3 hydras
  2 vault guards (D:14)
  A deep elf high priest (Elf:1)
  2 demonspawn (Orc:2)
  A catoblepas (Lair:4)
  2 boulder beetles (D:14)
  3 centaur warriors
  2 two-headed ogres
  Erica (Orc:1)
  2 death yaks
  An orc high priest (Orc:2)
  4 thrashing horrors (Lair:5)
  Amaemon (D:8)
  3 deep elf knights (Elf:1)
  A fire crab (shapeshifter) (Lair:5)
  A sea snake (shapeshifter) (Lair:5)
  A death drake (shapeshifter) (D:13)
  A large abomination (Lair:5)
  4 orc knights
  3 wizards (D:14)
  6 ugly things
  2 deep elf archers (Elf:1)
  A wolf spider (Lair:3)
  6 deep elf zephyrmancers (Elf:1)
  2 necromancers (D:14)
  2 oklob plants (Lair:1)
  3 manticores
  5 deep elf pyromancers (Elf:1)
  3 cyclopes
  7 orc sorcerers
  An ice statue (IceCv)
  2 black mambas
  10 cane toads
  2 torpor snails (Lair:5)
  10 rime drakes
  6 komodo dragons
  A hellwing (Orc:2)
  4 ice devils (D:13)
  An ancient zyme (Lair:5)
  2 freezing wraiths
  2 hornets
  3 trolls
  8 polar bears
  Prince Ribbit (D:5)
  31 blink frogs
  4 dream sheep (Lair:5)
  15 slime creatures
  5 wyverns
  A ynoxinul (Lair:5)
  Sigmund (D:5)
  A wraith (D:10)
  9 humans (D:14)
  2 culicivoras (Lair:3)
  Eustachio (D:6)
  45 yaks
  A fire elemental (Elf:1)
  A hog (shapeshifter) (D:13)
  5 basilisks
  A steam dragon (Lair:1)
  2 redbacks (Lair:3)
  3 vampire mosquitoes (D:10)
  3 wargs
  3 acid dragons
  Edmund (D:5)
  10 water moccasins
  4 ice beasts
  4 black bears
  A meliai simulacrum (D:11)
  20 orc warriors
  15 wolves
  2 ogres
  3 centaurs
  2 kobold brigands (D:8)
  2 gnoll sergeants
  10 bullfrogs
  3 scorpions
  9 wights
  7 killer bees
  A vampire bat (D:7)
  2 electric eels (D:11)
  5 howler monkeys
  5 small abominations (Lair:5)
  24 orc priests
  3 hounds
  3 gnoll boudas
  A jelly (D:6)
  Ijyb (D:5)
  5 iguanas
  14 orc wizards
  A troll simulacrum (D:11)
  18 gnolls
  9 adders
  2 naga simulacra (D:11)
  3 shadow imps
  A white imp (D:8)
  A worm (D:4)
  2 dart slugs
  63 orcs
  8 ball pythons
  9 bats
  6 endoplasms
  3 giant cockroaches
  10 goblins
  6 hobgoblins
  4 jackals (D:3)
  A quokka (D:2)
  A frilled lizard (D:1)
  7 kobolds
  A quokka zombie (D:6)
  4 rats
  A rat zombie (D:6)
586 creatures vanquished.

Vanquished Creatures (collateral kills)
  A fire dragon (D:10)
  2 hydras
  An ogre mage (D:10)
  An orc high priest (Orc:2)
  A sun demon (Orc:2)
  3 deep elf zephyrmancers (Elf:1)
  A necromancer (D:14)
  3 deep elf pyromancers
  2 orc knights
  3 orc sorcerers (Orc:2)
  A smoke demon (Lair:5)
  An orange demon (D:8)
  A yaktaur (shapeshifter) (D:14)
  An ice devil (D:13)
  2 rime drakes
  A komodo dragon (Lair:2)
  A rime drake (shapeshifter) (D:13)
  A hellwing (Orc:2)
  An ancient zyme (Lair:5)
  A troll (D:10)
  4 polar bears
  2 dream sheep (Lair:5)
  4 blink frogs
  A centaur simulacrum (D:11)
  An air elemental (Elf:1)
  11 yaks
  A ynoxinul (Lair:5)
  2 wyverns
  7 humans (D:14)
  4 basilisks
  A vampire mosquito (D:10)
  A chaos spawn (Lair:5)
  3 water moccasins
  13 orc warriors
  An ice beast (D:11)
  2 ogres (Orc:1)
  5 wolves
  4 centaurs
  3 small abominations (Lair:5)
  A bullfrog (Lair:4)
  4 wights (D:9)
  A killer bee (D:10)
  A howler monkey (D:11)
  7 orc priests
  2 orc wizards
  5 gnolls
  A naga simulacrum (D:11)
  A howler monkey simulacrum (D:11)
  8 orcs
  2 bats (D:7)
  4 kobolds (D:8)
136 creatures vanquished.

Vanquished Creatures (others)
  Snorg (D:11)
  A boulder beetle (D:14)
  Maurice (D:9)
  12 knights
  3 ancestors
  18 fungi
  22 plants
58 creatures vanquished.

Grand Total: 780 creatures vanquished

Notes
Turn   | Place    | Note
-------+----------+-------------------------------------------
     0 | D:1      | nickcage the Merfolk Gladiator began the quest for the Orb.
     0 | D:1      | Reached XP level 1. HP: 16/16 MP: 1/1
   248 | D:1      | Reached XP level 2. HP: 21/22 MP: 2/2
   300 | D:1      | Reached skill level 5 in Polearms
   836 | D:2      | Reached XP level 3. HP: 26/27 MP: 3/3
  1205 | D:2      | Found a faded altar of an unknown god.
  1395 | D:3      | Reached skill level 6 in Polearms
  1529 | D:3      | Reached XP level 4. HP: 6/33 MP: 4/4
  2094 | D:3      | Found a large runed translucent door.
  2095 | D:3      | Found a large runed translucent door.
  2305 | D:4      | Reached skill level 7 in Polearms
  2305 | D:4      | Reached XP level 5. HP: 35/38 MP: 5/5
  2617 | D:4      | Reached skill level 8 in Polearms
  2756 | D:4      | Identified the +4 ring mail "Edaos" {rCorr}
  3089 | D:4      | Reached XP level 6. HP: 44/44 MP: 6/6
  3226 | D:4      | Reached skill level 9 in Polearms
  3493 | D:5      | Entered Level 5 of the Dungeon
  3535 | D:5      | Noticed an orc warrior
  3535 | D:5      | Noticed Sigmund
  3847 | D:5      | Noticed Edmund
  3861 | D:5      | Killed Edmund
  3862 | D:5      | Reached skill level 10 in Polearms
  3862 | D:5      | Reached XP level 7. HP: 18/50 MP: 7/7
  4201 | D:5      | Found Luczay's Magic Scroll Emporium.
  4204 | D:5      | Noticed Ijyb
  4230 | D:6      | Noticed a yak
  4230 | D:6      | Noticed a yak
  4231 | D:6      | Noticed a yak
  4231 | D:6      | Noticed a yak
  4250 | D:5      | Killed Sigmund
  4251 | D:5      | Reached skill level 11 in Polearms
  4296 | D:5      | Killed Ijyb
  4694 | D:5      | Reached skill level 12 in Polearms
  4694 | D:5      | Reached XP level 8. HP: 39/56 MP: 8/8
  5064 | D:5      | Noticed Prince Ribbit
  5072 | D:5      | Killed Prince Ribbit
  5073 | D:5      | Reached skill level 13 in Polearms
  5170 | D:5      | Found a staircase to the Ecumenical Temple.
  5175 | Temple   | Entered the Ecumenical Temple
  5283 | Temple   | Became a worshipper of Hepliaklqana the Forgotten
  5381 | D:6      | Noticed Eustachio
  5409 | D:6      | Killed Eustachio
  5410 | D:6      | Reached skill level 14 in Polearms
  5776 | D:6      | Reached XP level 9. HP: 55/61 MP: 9/9
  5847 | D:6      | Reached skill level 15 in Polearms
  6276 | D:5      | Reached skill level 16 in Polearms
  7144 | D:7      | Reached skill level 17 in Polearms
  7256 | D:7      | Found an iron altar of Okawaru.
  7388 | D:7      | Reached * piety under Hepliaklqana
  7395 | D:7      | Reached skill level 1 in Armour
  7717 | D:7      | Reached skill level 1 in Evocations
  7813 | D:7      | Reached XP level 10. HP: 63/63 MP: 5/10
  8844 | D:8      | Found Xypsua's Distillery.
  8984 | D:8      | Reached skill level 5 in Fighting
  8990 | D:8      | Noticed Amaemon
  8993 | D:8      | Noticed an orange demon
  9330 | D:8      | Found a transporter.
  9780 | D:9      | Reached ** piety under Hepliaklqana
  9803 | D:9      | Found Vochodit's Antique Weapon Boutique.
  9832 | D:9      | Identified the ring of Ceesysch {Str+2 SInv}
  9859 | D:9      | Noticed Maurice
 10145 | D:8      | Remembered your ancestor Tank as a knight
 10252 | D:8      | Found a transporter.
 10252 | D:8      | Noticed a boulder beetle
 10269 | D:9      | Found a huge runed translucent gate.
 10269 | D:9      | Found a huge runed translucent gate.
 10411 | D:9      | Killed Maurice
 10925 | D:9      | Found Hugg's Serpentskin Sales.
 10974 | D:9      | Found a staircase to the Lair.
 11102 | D:9      | Found a huge runed translucent gate.
 11102 | D:9      | Found a huge runed translucent gate.
 11220 | D:9      | Found an ornate altar of the Wu Jian Council.
 11265 | D:9      | Noticed a death yak
 11314 | D:8      | Killed Amaemon
 11315 | D:8      | Reached skill level 5 in Armour
 11315 | D:8      | Reached XP level 11. HP: 20/76 MP: 4/11
 11318 | D:7      | HP: 3/77 [poisoned by Amaemon]
 11800 | D:10     | Entered Level 10 of the Dungeon
 11931 | D:10     | Found Xaomuhez's Armour Shop.
 11932 | D:10     | Found a staircase to the Orcish Mines.
 12662 | D:10     | Reached *** piety under Hepliaklqana
 12851 | D:10     | Noticed a manticore
 12865 | D:10     | Killed a manticore
 12921 | D:10     | Noticed a cyclops
 12921 | D:10     | Noticed a green ugly thing
 12921 | D:10     | Noticed an orc knight
 12921 | D:10     | Noticed a green ugly thing
 12921 | D:10     | Noticed a fire dragon
 12921 | D:10     | Noticed a cyclops
 12921 | D:10     | Noticed a deep elf pyromancer
 12921 | D:10     | Noticed an ogre mage
 12945 | D:10     | Killed a green ugly thing
 12947 | D:10     | Killed a deep elf pyromancer
 12950 | D:10     | Paralysed by an ogre mage for 5 turns
 12955 | D:10     | Killed an ogre mage
 12962 | D:10     | Killed an orc knight
 12984 | D:10     | Killed a cyclops
 13003 | D:10     | Killed a cyclops
 13107 | D:10     | Killed a fire dragon
 13116 | D:10     | Killed a green ugly thing
 13117 | D:10     | Reached skill level 10 in Fighting
 13117 | D:10     | Reached XP level 12. HP: 87/87 MP: 4/12
 13285 | Lair:1   | Entered Level 1 of the Lair of Beasts
 13798 | Lair:1   | Found a blossoming altar of Fedhas.
 14476 | Lair:2   | Reached **** piety under Hepliaklqana
 15704 | Lair:3   | Noticed an eight-headed hydra
 15715 | Lair:3   | Killed an eight-headed hydra
 15885 | Lair:3   | Found a hole to the Spider Nest.
 16165 | Lair:3   | Reached XP level 13. HP: 82/98 MP: 9/13
 16219 | Lair:3   | Found a staircase to the Swamp.
 16292 | Lair:3   | Reached skill level 10 in Armour
 16514 | Lair:3   | Reached ***** piety under Hepliaklqana
 18076 | Lair:5   | Entered Level 5 of the Lair of Beasts
 18215 | Lair:5   | Found a staircase to the Slime Pits.
 18215 | Lair:5   | Found a viscous altar of Jiyva.
 18940 | Lair:5   | Reached XP level 14. HP: 103/108 MP: 3/14
 18952 | Lair:5   | Reached skill level 15 in Fighting
 19584 | Lair:5   | Found a corrupted altar of Lugonu.
 19584 | Lair:5   | Found a one-way gate to the infinite horrors of the Abyss.
 20241 | D:11     | Found a frozen archway.
 20256 | IceCv    | Entered an ice cave
 20501 | IceCv    | Reached skill level 1 in Invocations
 20754 | IceCv    | Noticed a frost giant
 20779 | IceCv    | Killed a frost giant
 21460 | D:11     | Noticed Snorg
 21471 | D:11     | Killed Snorg
 22236 | D:12     | Reached XP level 15. HP: 119/119 MP: 15/17
 23351 | D:13     | Found the +8 frozen axe "Frostbite" {freezing cloud, *Noise
                  | Fly rC+}
 23384 | D:13     | Reached skill level 18 in Polearms
 24115 | D:14     | Found the +6 arbalest "Damnation" {damnation}
 24329 | D:14     | Noticed Nessos
 24357 | D:14     | Killed Nessos
 24791 | D:14     | Reached skill level 5 in Invocations
 24895 | D:14     | Found a gate to the Vaults.
 25068 | D:14     | Noticed Frances
 25415 | Orc:1    | Entered Level 1 of the Orcish Mines
 25606 | Orc:2    | Entered Level 2 of the Orcish Mines
 25696 | Orc:2    | Found a staircase to the Elven Halls.
 26241 | Orc:2    | Found Qyishrec's General Store.
 26242 | Orc:2    | Found Latuhiho's General Store.
 26522 | Orc:1    | Noticed Erica
 26531 | Orc:1    | Killed Erica
 26866 | Orc:1    | Found Lampist's Antique Weapon Boutique.
 27420 | Orc:2    | Bought the ring "Zumipew" {rN+ AC+4 Dex+4 SInv} for 837
                  | gold pieces
 27791 | Orc:2    | Reached skill level 19 in Polearms
 27976 | Orc:2    | Reached XP level 16. HP: 92/128 MP: 14/20
 28176 | Orc:2    | Found Geheo's Antique Armour Shop.
 28176 | Orc:2    | Found Hiruocs's Book Boutique.
 28189 | Orc:2    | Found a one-way gate leading to the halls of Pandemonium.
 28369 | Elf:1    | Entered Level 1 of the Elven Halls
 28370 | Elf:1    | Paralysed by an air elemental for 1 turns
 28529 | Elf:1    | Found Suowaurph's Antique Weapon Shop.
 28939 | Elf:1    | Noticed an Ice Fiend
 29045 | Elf:1    | Killed from afar by a deep elf zephyrmancer

Illustrated notes

Levels and vault maps discovered:
D:1:      matt_arrival_grand_opening, layout_rooms, serial_forest,
          infiniplex_forest_clump_long, infiniplex_forest_split,
          infiniplex_forest_straight_2, infiniplex_forest_lined_2,
          infiniplex_forest_lined_2, infiniplex_forest_straight_3,
          infiniplex_forest_clump_curved
D:2:      layout_basic, dilly_ecumenical_altar_fadedgnrine
D:3:      layout_basic, jmf_multi_god_temple2, minmay_crystal_water
D:4:      layout_loops_ring, minmay_unequal
D:5:      layout_gridville, temple_statues, chequers_mini_garden,
          hangedman_decor_slide_cut, st_stairs_10, kennysheep_cross_room,
          fountainhead, nicolae_inconvenience_store, uniq_edmund, uniq_ijyb,
          uniq_sigmund, uniq_prince_ribbit1
D:6:      layout_cave_pools, enter_ossuary_4, uniq_eustachio
D:7:      layout_loops_corners, okawaru_altar_gauntlet_db, nicolae_sextant,
          roderic_batcave
D:8:      gammafunk_boulding_lane, layout_cave_pools, serial_shops, shop_statue,
          uniq_amaemon
D:9:      lemuel_bear_cage, layout_cave_pools, mainiacjoe_overflow_alcove_4,
          dpeg_oklobed_lair, serial_shops, shop, guppyfry_shop_venom,
          uniq_maurice
D:10:     minmay_the_grid_triangle_9x9_rhombus_thin
          [minmay_the_grid_triangle_9x9_intruding_spiral,
          minmay_the_grid_triangle_9x9_prize_top_heavy,
          minmay_the_grid_triangle_9x9_swiss_cheese,
          minmay_the_grid_triangle_9x9_negative_grid], layout_stronghold,
          orc_david_3
D:11:     layout_loops_ring, serial_ice, serial_ice_i, serial_ice_b,
          serial_ice_n, serial_ice_a, serial_ice_m, serial_ice_o,
          portal_ice_cave_entry_ice_simulacra, library_closet, uniq_snorg
D:12:     layout_roguey
D:13:     layout_gridville, hellmonk_guarded_unrand_frostbite
D:14:     layout_gridville, grunt_vaults_entry_tiered,
          chequers_serial_rivers_micro_c, uniq_frances, uniq_nessos,
          uniq_jorgrun
Temple:   regret_index_temple_chain_breaker
Lair:1:   layout_chaotic_city, minivault_26, hangedman_tree_tricks,
          infiniplex_staircase_pool_2, serial_bayou_shore_b
Lair:2:   layout_layer_cave
Lair:3:   layout_small_grid, swamp_mist, spider_nest_entry_funnel_web,
          grunt_megastairs_1
Lair:4:   layout_roguey, grunt_megastairs_4
Lair:5:   hellmonk_lair_end_abyssal_woods, layout_misc_corridors, slime_entry_1,
          amcnicky_mini_pool_medium
Orc:1:    layout_caves, serial_shops, nicolae_shop_window_shopping, uniq_erica
Orc:2:    pf_orc_diabolical, layout_diamond_mine, nicolae_orc_stony_grotto
Elf:1:    layout_rooms, serial_shops, nicolae_shop_advertising_works
          [nicolae_subvault_shop_adworks], minmay_elf_demonology

Skill      XL: |  1  2  3  4  5  6  7  8  9 10 11 12 13 14 15 16 |
---------------+-------------------------------------------------+-----
Polearms       | 5 6 7 8 10 12 14 17 19 | 19.6
Armour         | 2 5 8 9 11 12 13 | 13.2
Fighting       | 3 7 10 12 14 16 18 | 18.5
Evocations     | 1 |  1.0
Invocations    | 3 6 7 |  7.0
Throwing       | |  2.0
Dodging        | |  4.7

Action                   |  1- 3 |  4- 6 |  7- 9 | 10-12 | 13-15 | 16-18 || total
-------------------------+-------+-------+-------+-------+-------+-------++-------
Melee: Trident           |    93 |   130 |       |     6 |     4 |       ||   233
       Punch             |     1 |       |       |       |       |       ||     1
       Halberd           |       |    38 |   223 |   491 |   883 |    96 ||  1731
       Tailslap          |       |       |     1 |     3 |       |       ||     4
       Executioner's axe |       |       |       |       |     2 |       ||     2
Throw: Javelin           |       |     2 |     6 |       |       |       ||     8
       Dart              |       |       |     2 |     5 |    13 |     3 ||    23
       Boomerang         |       |       |       |    33 |    14 |       ||    47
Invok: Recall Ancestor   |       |       |       |     3 |     4 |     1 ||     8
       Ancestor Life: Kn |       |       |       |     1 |       |       ||     1
       Ancestor Identity |       |       |       |     1 |       |       ||     1
       Transference      |       |       |       |       |    10 |       ||    10
Evoke: Wand              |       |       |     2 |       |     1 |       ||     3
  Use: Scroll            |     5 |     7 |     3 |     5 |    17 |       ||    37
       Potion            |       |       |     5 |     6 |     2 |       ||    13
 Stab: Sleeping          |       |     7 |     8 |     4 |    15 |       ||    34
       Distracted        |       |       |     1 |     3 |    10 |     2 ||    16
Armor: Leather armour    |    10 |       |       |       |       |       ||    10
       Chain mail        |     9 |     2 |       |       |       |       ||    11
       Shadow dragon sca |       |    48 |   117 |   173 |   227 |    21 ||   586
Dodge: Dodged            |    57 |    54 |    84 |   167 |   172 |    10 ||   544
